 Dungeon Crawl Stone Soup version 0.27.0-1-g7a089689b8 (webtiles) character file.

Game seed: 2741171386093540310

8206 SkeletonJelly the Cardsharp (level 11, 0/99 HPs)
             Began as a Purple Draconian Monk on Aug 17, 2021.
             Was a High Priest of Nemelex Xobeh.
             Slain by a skeletal warrior (5 damage)
             ... led by a death knight
             ... on level 10 of the Dungeon.
             The game lasted 00:37:30 (11929 turns).

SkeletonJelly the Cardsharp (DrMo)                 Turns: 11929, Time: 00:37:30

Health: 0/99       AC:  8    Str: 16    XL:     11   Next: 6%
Magic:  19/19      EV: 12    Int: 11    God:    Nemelex Xobeh [*****.]
Gold:   513        SH:  5    Dex: 14    Spells: 10/10 levels left

rFire    . . .     SeeInvis .   B - +3 spear (vamp)
rCold    . . .     Faith    .   y - +0 buckler
rNeg     . . .     Spirit   .   (armour unavailable)
rPois    .         Reflect  .   (helmet restricted)
rElec    .         Harm     .   (no cloak)
rCorr    .         Rampage  .   (no gloves)
Will     +....                  q - +0 pair of boots
Stlth    ++........             n - amulet of magic regeneration
HPRegen  0.26/turn              (no ring)
MPRegen  0.41/turn              (no ring)

@: no status effects
A: breathe power, AC +7, unfitting armour, cold-blooded
a: Breathe Dispelling Energy, Renounce Religion, Draw Escape, Draw Destruction,
Draw Summoning, Triple Draw, Deal Four, Stack Five


You were on level 10 of the Dungeon.
You worshipped Nemelex Xobeh.
Nemelex Xobeh was extremely pleased with you.
You visited 1 branch of the dungeon, and saw 10 of its levels.
You also visited: Sewer.

You collected 513 gold pieces.

Inventory:

Hand Weapons
 a - a +1 spear
 o - a +0 trident
 B - a +3 vampiric spear (weapon)
 C - a +0 spear of flaming
Missiles
 m - 12 poisoned darts
 w - 2 throwing nets
 D - 3 curare-tipped darts (quivered)
Armour
 q - a +0 pair of boots (worn)
 y - a +0 buckler (worn)
Jewellery
 n - an amulet of magic regeneration (around neck)
Wands
 l - a wand of mindburst (9)
 p - a wand of flame (25)
 E - a wand of acid (6)
Scrolls
 c - 4 scrolls of teleportation
 d - 8 scrolls of identify
 h - 2 scrolls of blinking
 s - a scroll of enchant armour {unknown}
 u - a scroll of silence {unknown}
 x - 2 scrolls of torment {unknown}
 A - a scroll of vulnerability {unknown}
Potions
 b - a potion of lignification
 e - 6 potions of curing
 f - 3 potions of heal wounds {unknown}
 g - 2 potions of degeneration {unknown}
 i - a potion of mutation {unknown}
 j - 2 potions of resistance {unknown}
 k - 2 potions of might {unknown}
 r - 2 potions of brilliance {unknown}
 t - 2 potions of attraction {unknown}
 v - 2 potions of flight {unknown}
 z - a potion of ambrosia {unknown}


   Skills:
 - Level 10.0 Fighting
 * Level 10.4 Polearms
 - Level 2.6 Dodging
 - Level 1.7 Stealth
 - Level 4.0 Shields
 + Level 11.0 Invocations


You had 10 spell levels left.
You didn't know any spells.
Your spell library contained the following spells:

 Spells                   Type           Power      Damage    Failure   Level
 Animate Skeleton         Necr           0%         N/A       34%         1
 Pain                     Necr           0%         1d4       34%         1
 Vampiric Draining        Necr           0%         2d6       71%         3


Dungeon Overview and Level Annotations

Branches:
Dungeon (10/15)            Temple (0/1) D:5             Orc (0/2) D:9
  Sewer (visited)
   Lair: D:8-11

Altars:
Gozag
Nemelex Xobeh
Sif Muna

Shops:
D:7 ?[(=(

Annotations:
D:6 3 runed translucent doors, willcat's ghost, weakling TrDe
D:9 2 transporters, mainiacjoe's ghost, novice DgSu


Innate Abilities, Weirdness & Mutations

You can breathe bolts of dispelling energy.
Your rich purple scales are hard. (AC +7)
You cannot fit into any form of body armour.
You are cold-blooded and may be slowed by cold attacks.


Message History

Your centaur wields a +0 shortbow.
Your centaur shoots an arrow.
The arrow barely misses the freezing wraith.
The freezing wraith closely misses you. You block the freezing wraith's attack.
Your centaur barely misses the freezing wraith.
Your centaur kicks the freezing wraith but does no damage.
Your centaur unwields a +0 shortbow.
Your centaur hits the freezing wraith but does no damage.
Your centaur kicks the freezing wraith.
You draw a card...
You have drawn the Elements.
Your centaur hits the freezing wraith.
Your centaur kicks the freezing wraith.
Your centaur wields a +0 shortbow.
Your centaur shoots an arrow.
The arrow hits the death knight.
The skeletal warrior hits your centaur with a +1 war axe of freezing!
The skeletal warrior freezes your centaur.
Your centaur hits the freezing wraith.
Your centaur kicks the freezing wraith but does no damage.
You swap places.
You feel yourself speed up.
Your centaur shoots an arrow.
The arrow hits the death knight but does no damage.
Your centaur hits the freezing wraith but does no damage.
Your centaur kicks the freezing wraith but does no damage.
The freezing wraith hits your centaur.
The freezing wraith freezes your centaur!
Your centaur dies!
Your centaur's corpse disappears in a puff of smoke!
Your centaur shoots an arrow.
The arrow closely misses the death knight.
The arrow barely misses the freezing wraith.
The death knight hits your polar bear with a +0 great sword.
Your catoblepas breathes a plume of calcifying dust at the freezing wraith.
The blast of calcifying dust hits your wind drake.
The blast of calcifying dust hits your centaur!
The blast of calcifying dust hits the death knight!
The blast of calcifying dust hits the freezing wraith but does no damage.
Your polar bear bites the death knight!
Your polar bear claws the death knight but does no damage. x2
The skeletal warrior hits your polar bear with a +1 war axe of freezing!!
The skeletal warrior freezes your polar bear.
The skeletal warrior hits your centaur with a +1 war axe of freezing!
The skeletal warrior freezes your centaur.
Your centaur dies!
Your centaur's corpse disappears in a puff of smoke!
Your wind drake is engulfed in calcifying dust.
Your wind drake is moving more slowly.
The death knight is engulfed in calcifying dust.
The death knight is moving more slowly.
The death knight hits your polar bear with a +0 great sword!!
Your polar bear dies!
Your polar bear's corpse disappears in a puff of smoke!
The death knight is engulfed in calcifying dust.
Your wind drake is engulfed in calcifying dust.
You draw a card...
You have drawn the Illusion.
Suddenly you stand beside yourself.
The death knight is engulfed in calcifying dust.
Your wind drake is engulfed in calcifying dust.
The skeletal warrior hits your wind drake with a +0 glaive!
You hit the skeletal warrior.
You tail-slap the skeletal warrior, but do no damage.
The skeletal warrior is moderately damaged.
Your wind drake is engulfed in calcifying dust.
Your catoblepas gores the skeletal warrior!
The skeletal warrior hits your wind drake with a +0 glaive!
Aiming: Corrosive Bolt
Press: ? - help, Shift-Dir - straight line, f - skeletal warrior
Aim: a skeletal warrior, wielding a +1 war axe of freezing (moderately damaged, ally target, 71% to hit)
The bolt of acid hits the skeletal warrior!
The skeletal warrior is splashed with acid.
The skeletal warrior is heavily damaged.
The bolt of acid hits the death knight!
The death knight is splashed with acid.
The death knight is heavily wounded.
The bolt of acid misses the freezing wraith.
Your wind drake is engulfed in calcifying dust.
You block the skeletal warrior's attack.
The skeletal warrior hits your catoblepas with a +1 war axe of freezing!
The skeletal warrior freezes your catoblepas!
The skeletal warrior misses SkeletonJelly's illusion.
SkeletonJelly's illusion hits the skeletal warrior but does no damage.
Your catoblepas closely misses the skeletal warrior.
The skeletal warrior hits your wind drake with a +0 glaive.
Aiming: Corrosive Bolt
Press: ? - help, Shift-Dir - straight line, f/p - skeletal warrior
Aim: a skeletal warrior, wielding a +1 war axe of freezing (heavily damaged, ally target, 71% to hit)
The bolt of acid hits the skeletal warrior!
The skeletal warrior is splashed with acid.
The acid corrodes the skeletal warrior!
The skeletal warrior is severely damaged.
The bolt of acid hits the death knight.
The death knight is splashed with acid.
The acid corrodes the death knight!
The death knight is heavily wounded.
The bolt of acid hits the freezing wraith.
The freezing wraith is splashed with acid.
The acid corrodes the freezing wraith!
The freezing wraith is heavily damaged.
The skeletal warrior hits you with a +1 war axe of freezing!
* * * LOW HITPOINT WARNING * * *
The skeletal warrior freezes you.
You die...
Your body glows slightly and disappears.

#..# #..# #..# #..# #..# #..#
#..# #..# ######..# #..##
........# #....
........################....
######.....@Y.kz..........##
#.....@z..pW§........#
#..################..# #..#
#..## ########..# #....
#.........#### ##########....
#.............................
#....................z........
#.........######....z.........
#.........# ........>.....


You could see a death knight (petrified, corroded), 2 skeletal warriors, a
freezing wraith (corroded), a friendly catoblepas (summoned), a friendly wind
drake (summoned, repels missiles, petrified) and the friendly SkeletonJelly's
illusion (summoned).

Vanquished Creatures
  Harold (D:7)
  A boulder beetle (D:10)
  A two-headed ogre (D:9)
  A harpy (D:6)
  A rime drake (D:6)
  7 yaks
  An acid dragon (D:4)
  2 black bears
  4 orc warriors
  3 ice beasts
  A hornet zombie (D:9)
  2 necrophages
  3 ogres
  A wolf (D:7)
  3 centaurs
  A phantom (D:6)
  A kobold brigand (D:7)
  A gnoll sergeant (D:9)
  A scorpion (D:5)
  Dowan (D:4)
  A water moccasin skeleton (D:6)
  A killer bee (D:8)
  A howler monkey (D:7)
  A crimson imp (D:6)
  5 orc priests
  A centaur zombie (D:6)
  A centaur skeleton (D:6)
  A gnoll shaman (D:7)
  2 hounds
  7 iguanas
  A bullfrog skeleton (D:6)
  13 orc wizards
  A killer bee zombie (D:6)
  A howler monkey zombie (D:9)
  8 adders
  9 gnolls
  A white imp (D:7)
  6 worms
  A dart slug (D:1)
  34 orcs
  7 bats
  4 endoplasms
  5 giant cockroaches
  4 hobgoblins
  8 jackals
  3 quokkas
  9 ball pythons
  5 frilled lizards
  5 goblins
  18 kobolds
  3 rats
204 creatures vanquished.

Vanquished Creatures (collateral kills)
  An unseen horror (D:8)
  A troll (D:9)
  3 yaks (D:8)
  2 steam dragons (D:8)
  A water moccasin (D:6)
  A swamp drake (D:8)
  5 orc warriors (D:9)
  3 ogres (D:9)
  3 kobold brigands (D:9)
  2 gnoll sergeants (D:9)
  A scorpion (D:7)
  A killer bee (D:6)
  A hound (D:7)
  2 gnolls (D:9)
  An orc (D:9)
  A jackal (D:6)
29 creatures vanquished.

Vanquished Creatures (others)
  11 plants (Sewer)
11 creatures vanquished.

Grand Total: 244 creatures vanquished

Notes
Turn   | Place    | Note
-------+----------+-------------------------------------------
     0 | D:1      | SkeletonJelly the Draconian Monk began the quest for the
                  | Orb.
     0 | D:1      | Reached XP level 1. HP: 19/19 MP: 1/1
   322 | D:1      | Reached XP level 2. HP: 5/26 MP: 2/2
  1095 | D:1      | Reached XP level 3. HP: 29/31 MP: 3/3
  1375 | D:2      | Reached XP level 4. HP: 36/38 MP: 4/4
  1437 | D:2      | Reached skill level 5 in Polearms
  1889 | D:2      | Found a faded altar of an unknown god.
  1897 | D:2      | Became a worshipper of Nemelex Xobeh the Trickster
  1897 | D:2      | Reached * piety under Nemelex Xobeh
  1897 | D:2      | Received a gift from Nemelex Xobeh
  1897 | D:2      | Reached ** piety under Nemelex Xobeh
  1897 | D:2      | Received a gift from Nemelex Xobeh
  1897 | D:2      | Received a gift from Nemelex Xobeh
  2129 | D:3      | Reached skill level 1 in Invocations
  2138 | D:3      | Reached XP level 5. HP: 35/45 MP: 4/6
  2469 | D:3      | Found a shimmering blue altar of Sif Muna.
  2669 | D:3      | Reached *** piety under Nemelex Xobeh
  2788 | D:4      | Reached skill level 2 in Invocations
  3201 | D:4      | Noticed Duvessa
  3205 | D:4      | Noticed Dowan
  3215 | D:3      | Reached XP level 6. HP: 38/49 MP: 7/7
  3451 | D:4      | Killed Dowan
  3461 | D:4      | Reached skill level 3 in Invocations
  3467 | D:4      | Noticed Duvessa
  3467 | D:4      | Duvessa changed into Duvessa the acid dragon
  3469 | D:4      | Killed Duvessa the acid dragon
  3470 | D:4      | Found a glowing drain.
  3495 | Sewer    | Entered a sewer
  3728 | Sewer    | Your scales start taking on a rich purple colour.
  3728 | Sewer    | Reached XP level 7. HP: 57/57 MP: 9/9
  3949 | Sewer    | Received a gift from Nemelex Xobeh
  4487 | D:5      | Entered Level 5 of the Dungeon
  4722 | D:5      | Reached skill level 4 in Invocations
  5175 | D:5      | Reached skill level 5 in Invocations
  5434 | D:5      | Reached XP level 8. HP: 59/66 MP: 11/11
  5621 | D:5      | Received a gift from Nemelex Xobeh
  6134 | D:5      | Found a staircase to the Ecumenical Temple.
  6497 | D:6      | Reached skill level 5 in Fighting
  6497 | D:6      | Reached skill level 6 in Invocations
  6569 | D:6      | Noticed a polar bear
  6569 | D:6      | an ogre changed into a polar bear
  6570 | D:6      | Noticed a harpy
  6570 | D:6      | a polar bear changed into a harpy
  6572 | D:6      | HP: 3/68 [harpy (11)]
  6572 | D:6      | HP: 1/68 [killer bee (2)]
  6591 | D:6      | Killed a harpy
  6601 | D:6      | Reached skill level 7 in Invocations
  6855 | D:6      | Reached **** piety under Nemelex Xobeh
  6855 | D:6      | Received a gift from Nemelex Xobeh
  6944 | D:6      | Noticed a rime drake
  6944 | D:6      | a black bear changed into a rime drake
  6948 | D:6      | Killed a rime drake
  6949 | D:6      | Reached XP level 9. HP: 69/79 MP: 14/14
  7008 | D:6      | Reached skill level 8 in Invocations
  7374 | D:6      | Received a gift from Nemelex Xobeh
  7510 | D:6      | Found a runed translucent gate.
  7511 | D:6      | Found a runed translucent gate.
  7511 | D:6      | Found an opulent altar of Gozag.
  7511 | D:6      | Noticed willcat's ghost (weakling TrDe)
  7513 | D:6      | Found a runed translucent gate.
  7528 | D:6      | Noticed a gargoyle
  8105 | D:7      | Found Houpy's Antique Weapon Emporium.
  8167 | D:7      | Found Foguok's Antique Armour Shop.
  8218 | D:7      | Found Vogocly's Jewellery Shoppe.
  8218 | D:7      | Noticed Harold
  8228 | D:7      | Killed Harold
  8229 | D:7      | Reached skill level 9 in Invocations
  8495 | D:7      | Received a gift from Nemelex Xobeh
  9233 | D:7      | Found Fasown's Antique Weapon Emporium.
  9382 | D:7      | Found Rogaukh's Magic Scroll Boutique.
  9509 | D:8      | Reached skill level 1 in Shields
  9509 | D:8      | Reached XP level 10. HP: 91/91 MP: 17/17
  9771 | D:8      | Reached ***** piety under Nemelex Xobeh
  9823 | D:8      | Received a gift from Nemelex Xobeh
  9943 | D:8      | Reached skill level 10 in Invocations
 10269 | D:9      | Noticed a two-headed ogre
 10276 | D:9      | Killed a two-headed ogre
 10479 | D:9      | Noticed a two-headed ogre
 10480 | D:9      | Found a transporter.
 10481 | D:9      | Noticed a two-headed ogre
 10485 | D:9      | Noticed mainiacjoe's ghost (novice DgSu)
 10534 | D:9      | Reached skill level 10 in Fighting
 10929 | D:9      | Received a gift from Nemelex Xobeh
 10959 | D:9      | Found a transporter.
 11207 | D:9      | Found a staircase to the Orcish Mines.
 11235 | D:9      | Reached skill level 10 in Polearms
 11599 | D:10     | Entered Level 10 of the Dungeon
 11671 | D:10     | Noticed a boulder beetle
 11702 | D:10     | Killed a boulder beetle
 11703 | D:10     | Reached skill level 11 in Invocations
 11703 | D:10     | Reached XP level 11. HP: 59/99 MP: 19/19
 11883 | D:10     | Received a gift from Nemelex Xobeh
 11895 | D:10     | Noticed a skeletal warrior
 11899 | D:10     | Noticed a skeletal warrior
 11899 | D:10     | Noticed a death knight
 11929 | D:10     | Slain by a skeletal warrior

Illustrated notes

Levels and vault maps discovered:
D:1:      matt_arrival_grand_opening, layout_basic, hangedman_decor_lopped
D:2:      layout_rooms, hellmonk_ecumenical_altar_prayer_group
D:3:      layout_rooms, lemuel_doored_altar, fountainhead
D:4:      layout_gridville, gup_sewer_entry_glass, uniq_duvessa
D:5:      layout_rooms, temple_pool_b, chequers_serial_rivers_room_b
D:6:      layout_rooms, ebering_ghost_gozag, minmay_diced_spiral
D:7:      layout_basic, serial_shops, nicolae_shop_window_shopping,
          kennysheep_little_box, nicolae_shop_stone, nicolae_lakefront_shop,
          nicolae_shop_statue_plus, uniq_harold
D:8:      layout_basic
D:9:      layout_loops_ring, kennysheep_orc_monster_closet_entryway,
          gammafunk_ghost_arena
D:10:     layout_small_grid

Skill      XL: |  1  2  3  4  5  6  7  8  9 10 |
---------------+-------------------------------+-----
Polearms       | 4 5 6 7 8 10 | 10.4
Invocations    | 1 2 3 5 7 9 11 | 11.0
Fighting       | 7 9 10 | 10.0
Shields        | 1 4 |  4.0
Dodging        | |  2.6
Stealth        | |  1.7

Action                   |  1- 3 |  4- 6 |  7- 9 | 10-12 || total
-------------------------+-------+-------+-------+-------++-------
Melee: Spear             |   135 |   187 |   291 |    35 ||   648
       Tailslap          |    17 |    30 |    54 |    37 ||   138
       Trident           |       |       |   166 |   143 ||   309
Throw: Dart              |       |       |       |     1 ||     1
Invok: Draw Destruction  |       |    13 |    25 |    10 ||    48
       Draw Summoning    |       |       |     4 |     8 ||    12
       Draw Escape       |       |       |     2 |       ||     2
 Abil: Breathe Dispellin |       |       |    19 |     4 ||    23
Evoke: Wand              |       |       |     6 |     2 ||     8
  Use: Scroll            |       |     5 |     1 |       ||     6
       Potion            |       |       |     2 |     1 ||     3
 Stab: Sleeping          |     7 |     5 |       |       ||    12
       Distracted        |       |       |     1 |     1 ||     2
Armor: Skin              |    23 |    29 |   137 |    36 ||   225
Dodge: Dodged            |    65 |    70 |   202 |    68 ||   405
Block: Buckler           |       |       |       |    44 ||    44
